Workbook
Name Decision: [1]lista!$A$6:$A$7
Name Decision: [2]lista!$A$6:$A$7
Name Decision: [3]lista!$A$6:$A$7
Name PARTICIPACION: [1]lista!$A$15:$A$17
Name PARTICIPACION: [2]lista!$A$15:$A$17
Name PARTICIPACION: [3]lista!$A$15:$A$17
Name Procedencia: [1]lista!$A$2:$A$3
Name Procedencia: [2]lista!$A$2:$A$3
Name Procedencia: [3]lista!$A$2:$A$3
Name tipo: [1]lista!$A$11:$A$13
Name tipo: [2]lista!$A$11:$A$13
Name tipo: [3]lista!$A$11:$A$13
Name x: [4]lista!$A$11:$A$13
Name x: [5]lista!$A$11:$A$13
Name x: [6]lista!$A$11:$A$13

Sheet COTIZACION
B10: COTIZACIÓN - SUMINISTRO E INSTALACIÓN DE ESTANTERÍAS FIJAS
B13: EMPRESA: | H13: NIT: | L13: FECHA:
B14: CONTACTO | H14: CARGO: | L14: TEL. CELULAR :
B15: E-MAIL: | H15: DIRECCIÓN: | L15: TELEFONO FIJO:
B17: Instrucciones para el diligenciamiento del formato de cotización
B18: • Por favor diligenciar solo las celdas en AMARILLO. • Revisar todos los requerimientos que se exponen en el documento "Ficha de Condiciones Técnicas Escenciales para la Prestación del Servicio y/o Entrega del Bien" (FCT) y Anexos; y formular su cotización en concordancia con este, garantizando que los bienes y/o servicios ofrecidos cumplan en su totalidad con las especificaciones técnicas descritas en la FCT. • Asignar precio de la estanteria sin incluir el IVA en las celdas de la columna "Valor unitario estanteria sin IVA" y asignar la tarifa de IVA que corresponda en las celdas de la columna "Tarifa IVA (%)". • Asignar precio de la distribución e instalación sin incluir el IVA en las celdas de la columna "Valor unitario distribución e instalación sin IVA". • El precio de la cotización deber ser expresado en PESOS COLOMBIANOS. • Los precios unitarios deberán aproximarse por exceso o por defecto al entero más cercano. Si la cifra no está aproximada y aparece con centavos, el ICBF aproximará al entero inferior. • No modificar, agregar o quitar ningún ítem o sub-ítem.
B19: Notas: (1) Las estanterías deben ser distribuidas e instaladas de acuerdo con los cantidades, lugares y direcciones estipuladas en la Ficha de Condiciones Tecnicas FCT (2) Cotizar por separado el precio de la estantería en la columna (Precio unitario estanteria sin IVA) y el de la distribución e instalación en la columna (Valor unitario distribución e instalación sin IVA).
D21: Plazo de Ejecución | F21: 15 dias hábiles
B23: COSTO SUMINISTRO, INSTALACIÓN Y DISTRIBUCIÓN DE ESTANTERÍAS FIJAS
B24: Ubicación | E24: Cantidad de estanterías | F24: Tarifa IVA (%) | G24: Precio unitario estantería sin IVA | H24: Precio unitario estantería con IVA | I24: Precio Unitario distribución e instalación sin IVA (Nota 1) | J24: Precio Unitario distribución e instalación con IVA (Nota 1) | K24: Precio Unitario estanteria, distribución e instalación sin IVA | L24: Precio Unitario estanteria, distribución e instalación con IVA | M24: Precio total sin IVA | N24: Precio total IVA incluido
B25: 1 | C25: Amazonas - Leticia | E25: 10 | H25: =ROUND((G25*(1+F25)),0) -> 0 | J25: =ROUND((I25*(1+F25)),0) -> 0 | K25: =ROUND((G25+I25),0) -> 0 | L25: =+ROUND(K25*(1+F25),0) -> 0 | M25: =ROUND((K25*E25),0) -> 0 | N25: =ROUND((L25*E25),0) -> 0
B26: 2 | C26: Arauca - Arauca | E26: 4 | H26: =ROUND((G26*(1+F26)),0) -> 0 | J26: =ROUND((I26*(1+F26)),0) -> 0 | K26: =ROUND((G26+I26),0) -> 0 | L26: =+ROUND(K26*(1+F26),0) -> 0 | M26: =ROUND((K26*E26),0) -> 0 | N26: =ROUND((L26*E26),0) -> 0
B27: 3 | C27: Arauca – CZ Saravena | E27: 7 | H27: =ROUND((G27*(1+F27)),0) -> 0 | J27: =ROUND((I27*(1+F27)),0) -> 0 | K27: =ROUND((G27+I27),0) -> 0 | L27: =+ROUND(K27*(1+F27),0) -> 0 | M27: =ROUND((K27*E27),0) -> 0 | N27: =ROUND((L27*E27),0) -> 0
B28: 4 | C28: Arauca – CZ Arauca | E28: 6 | H28: =ROUND((G28*(1+F28)),0) -> 0 | J28: =ROUND((I28*(1+F28)),0) -> 0 | K28: =ROUND((G28+I28),0) -> 0 | L28: =+ROUND(K28*(1+F28),0) -> 0 | M28: =ROUND((K28*E28),0) -> 0 | N28: =ROUND((L28*E28),0) -> 0
B29: 5 | C29: Arauca – CZ Tame | E29: 11 | H29: =ROUND((G29*(1+F29)),0) -> 0 | J29: =ROUND((I29*(1+F29)),0) -> 0 | K29: =ROUND((G29+I29),0) -> 0 | L29: =+ROUND(K29*(1+F29),0) -> 0 | M29: =ROUND((K29*E29),0) -> 0 | N29: =ROUND((L29*E29),0) -> 0
B30: 6 | C30: Atlantico - Barranquilla | E30: 60 | H30: =ROUND((G30*(1+F30)),0) -> 0 | J30: =ROUND((I30*(1+F30)),0) -> 0 | K30: =ROUND((G30+I30),0) -> 0 | L30: =+ROUND(K30*(1+F30),0) -> 0 | M30: =ROUND((K30*E30),0) -> 0 | N30: =ROUND((L30*E30),0) -> 0
B31: 7 | C31: Boyaca – CZ Duitama | E31: 15 | H31: =ROUND((G31*(1+F31)),0) -> 0 | J31: =ROUND((I31*(1+F31)),0) -> 0 | K31: =ROUND((G31+I31),0) -> 0 | L31: =+ROUND(K31*(1+F31),0) -> 0 | M31: =ROUND((K31*E31),0) -> 0 | N31: =ROUND((L31*E31),0) -> 0
B32: 8 | C32: Boyaca - CZ Chiquinquira | E32: 7 | H32: =ROUND((G32*(1+F32)),0) -> 0 | J32: =ROUND((I32*(1+F32)),0) -> 0 | K32: =ROUND((G32+I32),0) -> 0 | L32: =+ROUND(K32*(1+F32),0) -> 0 | M32: =ROUND((K32*E32),0) -> 0 | N32: =ROUND((L32*E32),0) -> 0
B33: 9 | C33: Boyaca – Garagoa | E33: 10 | H33: =ROUND((G33*(1+F33)),0) -> 0 | J33: =ROUND((I33*(1+F33)),0) -> 0 | K33: =ROUND((G33+I33),0) -> 0 | L33: =+ROUND(K33*(1+F33),0) -> 0 | M33: =ROUND((K33*E33),0) -> 0 | N33: =ROUND((L33*E33),0) -> 0
B34: 10 | C34: Boyaca – Pto Boyaca | E34: 5 | H34: =ROUND((G34*(1+F34)),0) -> 0 | J34: =ROUND((I34*(1+F34)),0) -> 0 | K34: =ROUND((G34+I34),0) -> 0 | L34: =+ROUND(K34*(1+F34),0) -> 0 | M34: =ROUND((K34*E34),0) -> 0 | N34: =ROUND((L34*E34),0) -> 0
B35: 11 | C35: Boyaca – Soata | E35: 3 | H35: =ROUND((G35*(1+F35)),0) -> 0 | J35: =ROUND((I35*(1+F35)),0) -> 0 | K35: =ROUND((G35+I35),0) -> 0 | L35: =+ROUND(K35*(1+F35),0) -> 0 | M35: =ROUND((K35*E35),0) -> 0 | N35: =ROUND((L35*E35),0) -> 0
B36: 12 | C36: Boyaca – El Cocuy | E36: 5 | H36: =ROUND((G36*(1+F36)),0) -> 0 | J36: =ROUND((I36*(1+F36)),0) -> 0 | K36: =ROUND((G36+I36),0) -> 0 | L36: =+ROUND(K36*(1+F36),0) -> 0 | M36: =ROUND((K36*E36),0) -> 0 | N36: =ROUND((L36*E36),0) -> 0
... B68: 44 | C68: Vaupes - Mitu | E68: 15 | H68: =ROUND((G68*(1+F68)),0) -> 0 | J68: =ROUND((I68*(1+F68)),0) -> 0 | K68: =ROUND((G68+I68),0) -> 0 | L68: =+ROUND(K68*(1+F68),0) -> 0 | M68: =ROUND((K68*E68),0) -> 0 | N68: =ROUND((L68*E68),0) -> 0
B69: TOTAL | E69: =SUM(E25:E68) -> 400 | M69: =SUM(M25:M68) -> 0 | N69: =SUM(N25:N68) -> 0
B71: La presente cotización:
B72: • Incluye todos los costos y gastos directos e indirectos en que debe incurrir el contratista durante la ejecución del contrato de acuerdo con las especificaciones de la Ficha de Condiciones Técnicas, las obligaciones tributarias de acuerdo con las normas aplicables para el tipo de servicio y contrato correspondiente, y los costos de las pólizas. • Se remite como parte del estudio de mercado, previo a la contratación, y no implica ninguna obligación de contratar. • Tiene una vigencia de 90 días a partir de la fecha de diligenciamiento.
B73: Inscripción en el Registro Único de Proponentes: Las personas naturales y jurídicas, nacionales o extranjeras, con domicilio en Colombia, interesadas en participar en procesos de contratación convocados por las entidades estatales, deben estar inscritas en el RUP, salvo las excepciones previstas de forma taxativa en la ley (Artículo 2.2.1.1.1.5.1 del Drecreto 1082 de 2015). Se aclara que esta inscripción no se requiere para remitir cotización durante el estudio de mercado.

Sheet INFO GENERAL Y FINANCIERA
B8: Formato Información General Y Financiera De Proveedores
B10: Ciudad | R10: Fecha Dd/mm/aa | AA10: Persona Natural
AA11: Persona Jurídica
B12: 1. Información General
B13: 1.1. Identificación.
B14: Personas naturales | I14: Nombre Comercial | AF14: Cédula
B16: Personas jurídicas | I16: Razón Social | AF16: DV
B18: Dirección | AA18: Fax | AF18: Ciudad
B20: Pagina Web | AA20: Sector al que pertenece
B22: 1.2. Personas De Contacto
B23: Gerente General | P23: E-mail | AA23: Ext. | AF23: Celular
B25: Director Comercial | P25: E-mail | AA25: Ext. | AF25: Celular
B27: Asesor Comercial | P27: E-mail | AA27: Ext. | AF27: Celular
B29: 1.3. Productos Y Servicios Inscritos En El Rup De Acuerdo Con El Unspsc
B30: Incluir Listado Con Breve Descripción De Los Productos Y/o Servicios Que Ofrece La Compañía, Registrados En El Rup (agregue Las Filas Necesarias) | AF30: Código de Naciones Unidas
B36: 1.4. Códigos CIIU | AF36: 1.5. Número De Empleados
B37: Código De Actividad | I37: Descripción Actividad Económica CIIU | AA37: Tarifa ICA
B41: 2. Información Financiera
B42: Nombre Del Indicador | O42: Cuenta | W42: Valores En Pesos a Diciembre 31 De 2014 | AE42: Indicador | AI42: Veces- Porcentaje
B43: Capacidad Financiera | E43: índice De Liquidez | O43: Activo Corriente --> | AE43: =+IFERROR(W43/W44,0) -> 0 | AI43: Veces
O44: Pasivo Corriente -->
E45: Índice De Endeudamiento | O45: Pasivo Total--> | AE45: =+IFERROR(W45/W46,0) -> 0 | AI45: Porcentaje
O46: Activo Total-->
E47: Razón De Cobertura De Intereses | O47: Utilidad Operacional--> | AE47: =+IFERROR(W47/W48,0) -> 0 | AI47: Veces
O48: Gastos De Interés-->
E49: Capital de Trabajo | O49: Activo Corriente--> | AE49: =+W49-W50 -> 0 | AI49: Pesos
O50: Pasivo corriente-->
B51: Capacidad Organizacional | E51: Rentabilidad Del Patrimonio | O51: Utilidad Operacional--> | AE51: =+IFERROR(W51/W52,0) -> 0 | AI51: Porcentaje
O52: Patrimonio-->
E53: Rentabilidad Del Activo | O53: Utilidad Operacional--> | AE53: =+IFERROR(W53/W54,0) -> 0 | AI53: Porcentaje
O54: Activo Total-->
B55: Nota: Para las empresas inspeccionadas, vigiladas o controladas por la Supersociedades, la información consignada en este numeral será validada con la reportada a la Supersociedades y disponible para consulta en Internet mediante el Sistema de Información y Riesgo Empresarial de la Supersociedades (SIREM). Si se evidencian diferencias en los valores consignados en este formato y los reportados a la Supersociedades se tomará como referencia la información del SIREM.
B56: Otra información relevante de la empresa (consigne en este espacio otra información que considere de interés)

Sheet INFO EXPERIENCIA
B8: EXPERIENCIA EN CONTRATACION EN LOS ULTIMOS 5 AÑOS
B9: EXPERIENCIA EN CONTRATACIÓN EN LOS ÚLTIMOS 5 AÑOS
B11: Empresa: | C11: =COTIZACION!D13 -> 0 | F11: Nit: | G11: =COTIZACION!I13 -> 0 | I11: Fecha: | J11: =COTIZACION!M13 -> 0
B12: Contacto: | C12: =COTIZACION!D14 -> 0 | F12: Cargo: | G12: =COTIZACION!I14 -> 0 | I12: Tel. celular: | J12: =COTIZACION!M14 -> 0
B13: E-Mail: | C13: =COTIZACION!D15 -> 0 | F13: Dirección: | G13: =COTIZACION!I15 -> 0 | I13: Tel. fijo: | J13: =COTIZACION!M15 -> 0
B15: Con el fin de conocer la experiencia con la que cuentan las empresas del sector relacionada con el objeto del presente estudio de mercado, agradecemos diligenciar el cuadro que sigue con base en los contratos suscritos en los últimos 5 años, cuyos objetos están relacionados con el objeto del presente estudio de mercado
B17: Tipo de entidad | C17: Entidad o Empresa | D17: Numero del contrato | E17: Objeto del contrato | F17: Fecha de suscripción (dd/mmm/aa) | G17: Plazo de ejecución (en años) | H17: Forma de participación (UT, consorcio, individual) | I17: % de participación | J17: Valor total ejecutado del contrato (de acuerdo con el % de participación)
B29: Nota: Agregar las filas necesarias para reportar la experiencia

Sheet POLIZAS
B8: CONCEPTOS A TENER EN CUENTA
B11: El presente cuadro es de carácter informativo, no se debe diligenciar. Sin embargo se entiende que la cotización incluye la totalidad de los conceptos relacionados a continuación.
B13: PÓLIZAS PARA LEGALIZACIÓN DEL CONTRATO
B15: CONCEPTO | D15: COBERTURA | E15: PLAZO (En Meses)
B16: Garantía de Seriedad de la oferta | D16: 0.1 | E16: Plazo de Ejecución
B17: Cumplimiento | D17: 0.2 | E17: Plazo de ejecución + 4 meses mas
B18: Salarios, Prestaciones | D18: 0.1 | E18: Plazo de ejecución + 36 meses mas
B19: Calidad de los Servicios | D19: 0.2 | E19: Plazo de ejecución + 4 meses mas
B20: Responsabilidad civil extracontractual | D20: 0.1 | E20: Plazo de Ejecución
B21: Cobertura: Corresponde al porcentaje del valor total del contrato a amparar.
